 Dungeon Crawl Stone Soup version 0.21.0 (webtiles) character file.

497 Leibowitz the Chopper (level 6, 0/55 HPs)
             Began as a Minotaur Fighter on Jan 7, 2018.
             Was an Initiate of Okawaru.
             Slain by an ice beast (8 damage)
             ... on level 5 of the Dungeon.
             The game lasted 00:06:36 (2976 turns).

Leibowitz the Chopper (Minotaur Fighter)            Turns: 2976, Time: 00:06:37

Health: 0/55       AC:  9    Str: 22    XL:     6   Next: 93%
Magic:  5/5        EV:  6    Int:  5    God:    Okawaru [......]
Gold:   193        SH: 10    Dex: 10    Spells: 5/5 levels left

rFire    . . .     SeeInvis .   a - +0 war axe
rCold    . . .     Gourm    .   c - +0 shield
rNeg     . . .     Faith    .   q - +0 chain mail
rPois    .         Spirit   .   (helmet restricted)
rElec    .         Reflect  .   (no cloak)
rCorr    .         Harm     .   (no gloves)
MR       .....                  (no boots)
Stlth    ..........             (no amulet)
HPRegen  0.18/turn              (no ring)
MPRegen  0.09/turn              (no ring)

@: no status effects
A: retaliatory headbutt, horns 2
a: Renounce Religion


You were on level 5 of the Dungeon.
You worshipped Okawaru.
Okawaru was noncommittal.
You were hungry.

You visited 2 branches of the dungeon, and saw 6 of its levels.

You collected 193 gold pieces.

Inventory:

Hand Weapons
 a - a +0 war axe (weapon)
Armour
 c - a +0 shield (worn)
 q - a +0 chain mail (worn)
Wands
 n - a wand of disintegration (19)
 o - a wand of acid (14)
Scrolls
 h - 4 scrolls of identify {unknown}
 i - 2 scrolls of teleportation {unknown}
 l - a scroll of enchant weapon {unknown}
 m - 2 scrolls of remove curse {unknown}
 p - a scroll of fear {unknown}
 s - a scroll of enchant armour {unknown}
 u - a scroll of blinking {unknown}
Potions
 b - a potion of flight {unknown}
 d - a potion of might
 e - 3 potions of brilliance {unknown}
 g - 3 potions of lignification {unknown}
 j - a potion of mutation {unknown}
 k - 3 potions of agility {unknown}
 r - 2 potions of curing {unknown}
 t - a potion of berserk rage {unknown}
Comestibles
 f - 6 rations


   Skills:
 * Level 4.8 Fighting
 * Level 5.8 Axes
 * Level 5.3 Armour
 * Level 2.1 Dodging
 * Level 5.1 Shields


You had 5 spell levels left.
You didn't know any spells.

Dungeon Overview and Level Annotations

Branches:
Dungeon (5/15)             Temple (1/1) D:4

Altars:
Ashenzari
Cheibriados
Dithmenos
Elyvilon
Fedhas
Gozag
Hepliaklqana
Kikubaaqudgha
Makhleb
Nemelex Xobeh
Okawaru
Qazlal
Ru
Sif Muna
Trog
Uskayaw
Vehumet
Wu Jian
Xom
Yredelemnul
Zin
The Shining One

Annotations:
D:4 2 transporters


Innate Abilities, Weirdness & Mutations

You reflexively headbutt those who attack you in melee.
You have a pair of horns on your head.


Message History

* * * LOW HITPOINT WARNING * * *
You headbutt the jelly.
The jelly is severely wounded.
You hit the ice beast.
The ice beast hits you but does no damage.
You block the jelly's attack.
The ice beast hits you but does no damage.
Okay, then.
You block the ice beast's attack.
Found 21 gold pieces and a scroll labeled OMUCURIEMM.
There is a stone staircase leading down here.
The jelly barely misses you. You furiously retaliate!
You headbutt the jelly.
You kill the jelly!
Okawaru accepts your kill.
You closely miss the ice beast.
The ice beast is severely wounded.
The ice beast hits you.
* * * LOW HITPOINT WARNING * * *
The ice beast freezes you!
You die...

..... #.....
...... #.....
......##+##....
#............#
#..?.....$...#
#............#
#............+
#..........Y@#
##.......######
.........+
.........#
........>#
.......<.#
.........#
##########


You could see an ice beast.

Vanquished Creatures
  A howler monkey (D:4)
  A bullfrog zombie (D:4)
  2 hounds (D:4)
  A jelly (D:5)
  2 orc wizards (D:4)
  An orc priest (D:4)
  An iguana (D:4)
  3 worker ants
  7 adders
  2 worms (D:2)
  3 dart slugs
  5 leopard geckos
  7 orcs
  5 bats
  9 goblins
  9 hobgoblins
  4 jackals (D:2)
  2 quokkas (D:3)
  2 ball pythons
  5 frilled lizards
  A jackal skeleton (D:4)
  4 kobolds
  3 rats
80 creatures vanquished.

Notes
Turn   | Place    | Note
-------+----------+-------------------------------------------
     0 | D:1      | Leibowitz the Minotaur Fighter began the quest for the Orb.
     0 | D:1      | Reached XP level 1. HP: 19/19 MP: 0/0
   158 | D:1      | Reached XP level 2. HP: 27/27 MP: 1/1
   541 | D:2      | Reached XP level 3. HP: 26/33 MP: 2/2
   810 | D:2      | Reached XP level 4. HP: 40/40 MP: 3/3
  1248 | D:3      | Reached skill level 1 in Dodging
  1613 | D:3      | Reached XP level 5. HP: 46/46 MP: 4/4
  1872 | D:4      | Found a staircase to the Ecumenical Temple.
  1961 | Temple   | Entered the Ecumenical Temple
  2237 | D:4      | Found a transporter.
  2253 | D:4      | Found a transporter.
  2268 | D:4      | Reached skill level 5 in Axes
  2352 | D:4      | Reached skill level 5 in Armour
  2352 | D:4      | Reached XP level 6. HP: 48/53 MP: 5/5
  2538 | D:4      | Reached skill level 5 in Shields
  2786 | D:4      | Found an iron altar of Okawaru.
  2789 | D:4      | Became a worshipper of Warmaster Okawaru
  2958 | D:5      | Entered Level 5 of the Dungeon
  2958 | D:5      | Noticed an ice beast
  2976 | D:5      | Slain by an ice beast

Skill      XL: |  1  2  3  4  5  6 |
---------------+-------------------+-----
Shields        | 4 5 |  5.1
Armour         | 4 5 |  5.3
Axes           | 3 4 5 |  5.8
Fighting       | 4 |  4.8
Dodging        | 1 2 |  2.1

Action                   |  1- 3 |  4- 6 || total
-------------------------+-------+-------++-------
Melee: War axe           |    73 |   142 ||   215
       Headbutt          |     5 |    29 ||    34
  Eat: Chunk             |       |     6 ||     6
Armor: Scale mail        |    38 |    18 ||    56
       Chain mail        |       |    51 ||    51
Dodge: Dodged            |    22 |    42 ||    64
Block: Shield            |    54 |    75 ||   129
